 Dungeon Sprint DCSS version 0.31-a0-854-g362426d53f (webtiles) character file.

Game seed: 3012102955426062873

260 rocky1 the Fighter (level 8, -9/89 HPs)
             Began as an Ogre Fire Elementalist on Oct 9, 2023.
             Was an Initiate of Gozag.
             Mangled by a giant anaconda (16 damage)
             ... in the Dungeon (Sprint VI: "Thunderdome").
             The game lasted 00:09:01 (605 turns).

rocky1 the Fighter (Ogre Fire Elementalist)          Turns: 605, Time: 00:09:01

Health: -9/89      AC:  3    Str: 13    XL:     8   Next: 44%
Magic:  18/19      EV:  8    Int: 18    God:    Gozag
Gold:   813        SH:  0    Dex:  9    Spells: 18/21 levels left

rFire   . . .        p - +0 great mace
rCold   . . .        (shield currently unavailable)
rNeg    . . .        a - +0 robe
rPois   .            (helmet restricted)
rElec   .            (no cloak)
rCorr   .            (gloves unavailable)
SInv    .            (boots unavailable)
Will    .....        (no amulet)
Stlth   +            (no ring)
HPRegen 0.34/turn    (no ring)
MPRegen 0.16/turn

%: no teleportation
@: hasted, constricted, very quick
A: large, unfitting armour, tough skin 1
a: Renounce Religion, Potion Petition, Call Merchant, Bribe Branch


You were in the Dungeon.
You worshipped Gozag.
Gozag was pleased with you.
You visited 1 branch You collected 2004 gold pieces.
You spent 1191 gold pieces at shops.

Inventory:

Hand Weapons
 j - a +1 battleaxe of freezing
 o - a +0 giant spiked club
 p - a +0 great mace (weapon)
Armour
 a - a +0 robe (worn)
Jewellery
 l - the amulet "Qinio" {Acrobat Harm rPois rC+ rN+}
   (You bought it in a shop in the Dungeon)

   [amulet of the acrobat]

   Acrobat:   It increases your evasion while moving and waiting.
   rC+:       It protects you from cold.
   rPois:     It protects you from poison rN+: It protects you from negative
   energy.
   Harm:      It increases damage dealt and taken.
 m - the ring of Bann {Fire *Slow +Blink rPois Will++}
   (You bought it in a shop in the Dungeon)

   [ring of fire]

   Fire:      It enhances your fire magic.
   rF+:       It protects you from fire.
   rC-:       It makes you vulnerable to cold.
   rPois:     It protects you from poison Will++: It greatly increases your
   willpower.
   +Blink:    It lets you blink.
   *Slow:     It may slow you when you take damage.
 n - the ring "Quarex" {rC+ Will+ MP+9 Dex-2 Stlth+}
   (You bought it in a shop in the Dungeon)

   [ring of willpower]

   Dex-2:     It affects your dexterity (-2).
   rC+:       It protects you from cold.
   Will+:     It increases your willpower.
   MP+9:      It affects your magic capacity (+9).
   Stlth+:    It makes you more stealthy.
Scrolls
 g - 2 scrolls of blinking
 k - 3 scrolls of fog
Potions
 b - a potion of magic
 c - a potion of curing
 d - 7 potions of heal wounds
 e - a potion of haste
 h - a potion of resistance


   Skills:
 + Level 8.5 Fighting
 * Level 8.3 Maces & Flails
 + Level 5.3 Armour
 + Level 6.3 Dodging
 - Level 1.4 Stealth
 + Level 7.3 Spellcasting
 + Level 5.8 Conjurations
 + Level 6.4 Fire Magic


You had 18 spell levels left.
You knew the following spells:

 Your Spells              Type           Power      Damage    Failure   Level
a - Foxfire               Conj/Fire      100%       2x1d9     1%          1
b - Scorch                Fire           58%        2d7       1%          2

Your spell library contained the following spells:

 Spells                   Type           Power      Damage    Failure   Level
 Inner Flame              Hex/Fire       18%        N/A       9%          3
 Volatile Blastmotes      Fire/Tloc      36%        2d13      9%          3
 Flame Wave               Conj/Fire      28%        2d9       9%          4


Dungeon Overview and Level Annotations

Branches:
Dungeon (1/1)

Altars:
Cheibriados
Dithmenos
Fedhas
Gozag
Kikubaaqudgha
Makhleb
Okawaru
Qazlal
Ru
Sif Muna
Trog
Uskayaw
Vehumet
Wu Jian
Xom
Yredelemnul
Zin
The Shining One
Lugonu

Shops:
D *[=??*?*:[((!!!!


Innate Abilities, Weirdness & Mutations

You are too large for most types of armour.
You have tough skin. (AC +1)


Message History

Flames lash the giant anaconda.
The giant anaconda is lightly wounded.
The giant anaconda's fire resistance burns away.
You hit the giant anaconda.
The giant anaconda is lightly wounded.
The giant anaconda grabs you. The giant anaconda bites you!
The giant anaconda constricts you.
The giant anaconda bites you but does no damage.
The giant anaconda constricts you.
You barely miss the giant anaconda.
The giant anaconda is lightly wounded.
The giant anaconda bites you but does no damage.
The giant anaconda constricts you.
You sock the giant anaconda!
The giant anaconda is lightly wounded.
The giant anaconda bites you! The giant anaconda constricts you.
The giant anaconda bites you! The giant anaconda constricts you.
You closely miss the giant anaconda.
The giant anaconda is lightly wounded.
The giant anaconda bites you. The giant anaconda constricts you.
* * * LOW HITPOINT WARNING * * *
You hit the giant anaconda.
The giant anaconda is moderately wounded.
The giant anaconda is no longer more vulnerable to fire.
The giant anaconda barely misses you. The giant anaconda constricts you.
* * * LOW HITPOINT WARNING * * *
The giant anaconda barely misses you. The giant anaconda constricts you.
* * * LOW HITPOINT WARNING * * *
Unknown command.
You thump the giant anaconda!
The giant anaconda is moderately wounded.
The giant anaconda bites you!
* * * LOW HITPOINT WARNING * * *
The giant anaconda constricts you.
* * * LOW HITPOINT WARNING * * *
You hit the giant anaconda but do no damage.
The giant anaconda is moderately wounded.
The giant anaconda bites you!
You die...
Your body crumbles into a pile of gold.

#.....# ##.....##
##∩.....∩## #∩.......∩#
#_......._# #_......._#
#_........# ###.........###
#@S..........⌠#
######.8)........8.####
##∩___...)..###.....)___
###∩........8.# #.8.......
##.....[.......###.........
#⌠..........###...###......
#⌠..........# #.<.# #......
#⌠..........###...###......
##..........[..###.........


You could see a giant anaconda.

Vanquished Creatures
  A wraith (D)
  A water moccasin (D)
  2 nagas (D)
  2 phantoms (D)
  A necrophage (D)
  2 wights (D)
  Terence (D)
  Jessica (D)
  An iguana (D)
  An adder (D)
  A worm (D)
  2 spectral bats (D)
  A ball python (D)
  A bat skeleton (D)
  A goblin (D)
  A quokka (D)
  A ball python skeleton (D)
  A spectral ball python (D)
  A spectral giant cockroach (D)
23 creatures vanquished.

Vanquished Creatures (others)
  83 foxfires (D)
83 creatures vanquished.

Grand Total: 106 creatures vanquished

Notes
Turn   | Place    | Note
-------+----------+-------------------------------------------
     0 | D        | rocky1 the Ogre Fire Elementalist began the quest for the
                  | Orb.
     0 | D        | Reached XP level 1. HP: 16/16 MP: 3/3
     3 | D        | Found a basalt altar of Yredelemnul.
     3 | D        | Found an iron altar of Okawaru.
     4 | D        | Found a shadowy altar of Dithmenos.
     4 | D        | Found an ornate altar of the Wu Jian Council.
     5 | D        | Found a hide-covered altar of Uskayaw.
     5 | D        | Round 1.
     6 | D        | Found Yneest's Do-It-Yourself Clinic.
     6 | D        | Found a shimmering altar of Xom.
     6 | D        | Found a radiant altar of Vehumet.
     6 | D        | Found Ziatsar's Distillery.
     8 | D        | Found a blossoming altar of Fedhas.
     9 | D        | Found Zaigieh's Weapon Rack.
    10 | D        | Found Emiod's Premium Goods.
    10 | D        | Found Koudiat's Basic Armour.
    10 | D        | Found Olustoant's Miscellaneous Merchandise.
    14 | D        | Found a glowing golden altar of the Shining One.
    15 | D        | Found a stormy altar of Qazlal.
    16 | D        | Found a bloodstained altar of Trog.
    17 | D        | Found Elieder's Identification Station.
    18 | D        | Found Ydesydd's Advanced Armour.
    18 | D        | Found Qeuxtad's Jewellery.
    18 | D        | Found a shimmering blue altar of Sif Muna.
    18 | D        | Found an opulent altar of Gozag.
    18 | D        | Found a corrupted altar of Lugonu.
    18 | D        | Found Par Taigg's Timeless Talismans.
    22 | D        | Found a sacrificial altar of Ru.
    27 | D        | Became a worshipper of Gozag Ym Sagoz the Greedy
    35 | D        | Found a snail-covered altar of Cheibriados.
    36 | D        | Noticed Terence
    37 | D        | Reached skill level 1 in Conjurations
    38 | D        | Noticed Jessica
    41 | D        | Killed Terence
    42 | D        | Reached skill level 1 in Armour
    42 | D        | Reached XP level 2. HP: 29/29 MP: 0/6
    42 | D        | Reached XP level 3. HP: 36/36 MP: 0/7
    42 | D        | Killed Jessica
    74 | D        | Found a burning altar of Makhleb.
    76 | D        | Found Ytrog's Magic Scroll Shop.
    78 | D        | Found Visips's Magic Scroll Shop.
    78 | D        | Found Xiumireris's Must-Have Magic.
    79 | D        | Found an ancient bone altar of Kikubaaqudgha.
    79 | D        | Found a glowing silver altar of Zin.
    79 | D        | Found Xalaecod's Staff Store.
    90 | D        | Reached XP level 4. HP: 45/45 MP: 7/9
    90 | D        | Found Muem's Distillery.
    90 | D        | Found Idaed's Bottled Wisdom.
   128 | D        | Arena points: 14 (+14) [x2]
   184 | D        | Round 2.
   185 | D        | Noticed a necrophage
   185 | D        | Noticed a phantom
   197 | D        | Killed a necrophage
   198 | D        | Reached XP level 5. HP: 31/55 MP: 0/11
   203 | D        | Killed a phantom
   204 | D        | Reached skill level 5 in Fighting
   204 | D        | Reached skill level 5 in Maces & Flails
   210 | D        | Noticed a phantom
   217 | D        | Killed a phantom
   218 | D        | Reached skill level 5 in Spellcasting
   218 | D        | Reached XP level 6. HP: 34/67 MP: 1/13
   220 | D        | Reached skill level 5 in Fire Magic
   237 | D        | Bought a fine diamond amulet for 45 gold pieces
   237 | D        | Identified the amulet "Qinio" {Acrobat Harm rPois rC+ rN+}
                  | (You bought it in a shop in the Dungeon)
   237 | D        | Bought a brightly glowing tin ring for 45 gold pieces
   237 | D        | Identified the ring of Bann {Fire *Slow +Blink rPois
                  | Will++} (You bought it in a shop in the Dungeon)
   237 | D        | Bought a coiled copper ring for 45 gold pieces
   237 | D        | Identified the ring "Quarex" {rC+ Will+ MP+9 Dex-2 Stlth+}
                  | (You bought it in a shop in the Dungeon)
   269 | D        | Learned a level 2 spell: Scorch
   274 | D        | Bought 3 potions of heal wounds for 105 gold pieces
   274 | D        | Bought 3 potions of heal wounds for 105 gold pieces
   276 | D        | Bought a potion of experience for 300 gold pieces
   276 | D        | Reached skill level 5 in Dodging
   276 | D        | Reached skill level 5 in Conjurations
   276 | D        | Reached XP level 7. HP: 60/78 MP: 8/16
   295 | D        | Arena points: 56 (+42) [x3]
   314 | D        | Bought a +0 giant spiked club for 57 gold pieces
   314 | D        | Bought a +0 great mace for 195 gold pieces
   342 | D        | Round 3.
   441 | D        | Noticed a wraith
   457 | D        | Killed a wraith
   458 | D        | Arena points: 140 (+84) [x4]
   459 | D        | Reached skill level 5 in Armour
   459 | D        | Reached XP level 8. HP: 88/88 MP: 1/18
   495 | D        | Round 4.
   530 | D        | HP: 3/89 [constriction (3)]
   544 | D        | Bought 4 potions of curing for 84 gold pieces
   544 | D        | Bought 3 potions of heal wounds for 105 gold pieces
   544 | D        | Bought 3 potions of heal wounds for 105 gold pieces
   564 | D        | Arena points: 260 (+120) [x5]
   586 | D        | Round 5.
   592 | D        | Noticed a giant anaconda
   605 | D        | Mangled by a giant anaconda

Illustrated notes

Levels and vault maps discovered:
D:        arena_sprint

Skill      XL: |  1  2  3  4  5  6  7  8 |
---------------+-------------------------+-----
Conjurations   | 1 2 3 5 |  5.8
Fighting       | 2 3 4 5 7 8 |  8.5
Maces & Flails | 2 3 4 5 7 8 |  8.3
Armour         | 1 2 3 4 5 |  5.3
Dodging        | 2 3 4 5 6 |  6.3
Spellcasting   | 3 4 5 6 7 |  7.3
Fire Magic     | 3 4 5 6 |  6.4
Stealth        | |  1.4

Action                     |  1- 3 |  4- 6 |  7- 9 || total
---------------------------+-------+-------+-------++-------
  Melee: Great mace        |       |       |    42 ||    42
   Cast: Foxfire           |    10 |    27 |    11 ||    48
         Scorch            |       |       |     6 ||     6
  Evoke: Wand              |     5 |       |     5 ||    10
    Use: Potion            |     1 |     2 |    17 ||    20
         Scroll            |       |     1 |     1 ||     2
 Armour: Robe              |       |    11 |    82 ||    93
  Dodge: Dodged            |       |     7 |    56 ||    63

Table legend: (Time is in decaauts)
 A = Elapsed time spent in this place.
 B = Non-inter-level travel time spent in this place.
 C = Inter-level travel time spent in this place.
 D = Time resting spent in this place.
 E = Time spent auto-exploring this place.
 F = Levels seen in this place.
 G = Mean time per level.
                   A        B        C        D        E       F      G
               +--------+--------+--------+--------+--------+-----+--------+
         Total |    601 |    601 |      0 |     69 |      0 |   1 |  601.0 |
       Dungeon |    601 |    601 |      0 |     69 |      0 |   1 |  601.0 |
               +--------+--------+--------+--------+--------+-----+--------+

Top non-repeatable levels by time:
       D: 601 daAuts
